 Dungeon Crawl Stone Soup version 0.28-a0-563-gf77a47075d (webtiles) character file.

Game seed: 7600894247404069578

149 siradein the Sneak (level 5, -2/24 HPs)
             Began as a Spriggan Necromancer on Oct 1, 2021.
             Slain by an orc wizard (3 damage)
             ... on level 3 of the Dungeon.
             The game lasted 00:18:51 (5166 turns).

siradein the Sneak (Spriggan Necromancer)           Turns: 5166, Time: 00:18:51

Health: -2/24      AC:  3    Str:  4    XL:     5   Next: 9%
Magic:  5/11       EV: 18    Int: 18    God:
Gold:   124        SH:  0    Dex: 15    Spells: 2/11 levels left

rFire   . . .      SeeInvis +   e - +0 dagger
rCold   . . .      Faith    .   (shield restricted)
rNeg    . . .      Spirit   .   a - +0 robe
rPois   .          Reflect  .   (helmet restricted)
rElec   .          Harm     .   o - +0 cloak
rCorr   .          Rampage  .   (gloves unavailable)
Will    .....                   (boots unavailable)
Stlth   +++.......              (no amulet)
HPRegen 0.08/turn               (no ring)
MPRegen 0.12/turn               (no ring)

@: very slightly contaminated, very quick
A: very small, no large weapons, unfitting armour, see invisible, speed 3
a: no special abilities


You were on level 3 of the Dungeon.
You visited 1 branch of the dungeon, and saw 4 of its levels.

You collected 124 gold pieces.

Inventory:

Hand Weapons
 e - a +0 dagger (weapon)
 j - a +0 hunting sling
Missiles
 l - 49 stones
 r - 14 sling bullets
Armour
 a - a +0 robe (worn)
 o - a +0 cloak (worn)
Jewellery
 q - a +4 ring of protection
Wands
 t - a wand of polymorph (8)
Scrolls
 b - 2 scrolls of teleportation {unknown}
 f - a scroll of immolation {unknown}
 g - a scroll of summoning {unknown}
 k - 3 scrolls of torment {unknown}
 m - a scroll of enchant armour {unknown}
 p - a scroll of noise {unknown}
Potions
 c - a potion of might {unknown}
 d - a potion of flight {unknown}
 h - a potion of attraction {unknown}
 i - a potion of invisibility {unknown}
 n - a potion of ambrosia {unknown}
 s - a potion of lignification {unknown}
 u - a potion of mutation {unknown}


   Skills:
 + Level 4.1 Dodging
 + Level 4.8 Stealth
 + Level 3.9 Spellcasting
 + Level 4.3 Necromancy


You had 2 spell levels left.
You knew the following spells:

 Your Spells              Type           Power      Damage    Failure   Level
a - Pain                  Necr           76%        1d7       2%          1
b - Animate Skeleton      Necr           38%        N/A       2%          1
c - Animate Dead          Necr           9%         N/A       26%         4
d - Vampiric Draining     Necr           9%         2d7       8%          3

Your spell library contained the following spells:

 Spells                   Type           Power      Damage    Failure   Level
 Gell's Gravitas          Tloc           1%         N/A       41%         3
 Ignite Poison            Fire/Tmut/Pois 3%         N/A       41%         3
 Lesser Beckoning         Tloc           3%         N/A       41%         3
 Mephitic Cloud           Conj/Pois/Air  3%         N/A       41%         3
 Teleport Other           Tloc           3%         N/A       41%         3
 Agony                    Necr           19%        N/A       56%         5
 Freezing Cloud           Conj/Ice/Air   1%         6-21      99%         5


Dungeon Overview and Level Annotations

Branches:
Dungeon (4/15)
 Temple: D:4-7

Altars:

Shops:
D:3 (


Innate Abilities, Weirdness & Mutations

You are very small and have problems with some larger weapons.
You are too small for most types of armour.
You have supernaturally acute eyesight. (SInv)
You cover ground extremely quickly. (Speed+++)


Message History

Press: ? - help, Q - select action, (/) - cycle Shift-Dir - straight line, f/p - orc
Aim: an orc, wielding a +0 hand axe (heavily wounded, chance to affect: 89%)
The orc writhes in agony.
You kill the orc!
Aiming: Pain (safe; 2% risk of failure)
Press: ? - help, Q - select action, (/) - cycle Shift-Dir - straight line, f - orc wizard
Aim: an orc wizard, wielding a +0 dagger and wearing a +0 robe (chance to affect: 78%)
The orc wizard barely resists.
Aiming: Pain (safe; 2% risk of failure)
Press: ? - help, Q - select action, (/) - cycle Shift-Dir - straight line, f/p - orc wizard
Aim: an orc wizard, wielding a +0 dagger and wearing a +0 robe (chance to affect: 78%)
The orc wizard writhes in agony.
The orc priest mumbles some strange prayers to Beogh against you.
Beogh smites you!
Ouch! That really hurt!
* * * LOW HITPOINT WARNING * * *
The orc wizard hits you but does no damage.
Aiming: Pain (safe; 2% risk of failure)
Press: ? - help, Q - select action, (/) - cycle Shift-Dir - straight line, f/p - orc wizard
Aim: an orc wizard, wielding a +0 dagger and wearing a +0 robe (lightly wounded, chance to affect: 78%)
The orc wizard writhes in agony.
The orc priest invokes the aid of Beogh against you.
You resist with significant effort.
The orc wizard hits you but does no damage.
The orc priest calls down the wrath of Beogh upon you.
You resist with significant effort.
The orc wizard casts a spell.
The orc wizard flickers and vanishes for a moment.
You climb upwards.
There is a stone staircase leading down here.
Aiming: Pain (safe; 2% risk of failure)
Press: ? - help, Q - select action, (/) - cycle Shift-Dir - straight line, f - orc wizard
Aim: an orc wizard, wielding a +0 dagger and wearing a +0 robe (moderately wounded, slightly transparent, chance to affect: 78%)
You miscast Pain.
You are very lightly contaminated with residual magic.
Nothing appears to happen.
The orc priest hits you with a +0 falchion.
* * * LOW HITPOINT WARNING * * *
The orc wizard hits you with a +0 dagger.
You die...

########## #.........
#.######## #.# #.
##############.# #.
#....o@o.....#.# #.
#.######.#.#.#.######## #.#
#..............# # #.#
#.#.#.#....###.# #
#####.####.#........# #.###
#######..........###......#
#...# ........###.######
#....### #.#.# #########
#.# #....#####.#.. # #.#
##..........#..


You could see an orc priest and an orc wizard (invisible).

Vanquished Creatures
  Ijyb (D:3)
  3 adders
  3 worms
  2 dart slugs
  3 orcs
  9 ball pythons
  7 bats
  7 endoplasms
  5 giant cockroaches
  5 goblins
  8 hobgoblins
  3 kobolds
  3 quokkas
  8 frilled lizards
  11 rats
78 creatures vanquished.

Notes
Turn   | Place    | Note
-------+----------+-------------------------------------------
     0 | D:1      | siradein the Spriggan Necromancer began the quest for the
                  | Orb.
     0 | D:1      | Reached XP level 1. HP: 9/9 MP: 5/5
   518 | D:1      | Reached XP level 2. HP: 12/13 MP: 4/6
   520 | D:1      | Learned a level 1 spell: Animate Skeleton
   899 | D:1      | Found a faded altar of an unknown god.
  1458 | D:1      | Reached XP level 3. HP: 15/16 MP: 6/8
  1590 | D:1      | You fall into a shaft and drop 1 floor!
  2790 | D:2      | Reached XP level 4. HP: 14/21 MP: 2/10
  2938 | D:2      | Learned a level 4 spell: Animate Dead
  2942 | D:2      | Learned a level 3 spell: Vampiric Draining
  3714 | D:3      | Found Juexi's Weapon Emporium.
  5005 | D:4      | Noticed Ijyb
  5045 | D:3      | Killed Ijyb
  5046 | D:3      | Reached XP level 5. HP: 13/24 MP: 2/11
  5166 | D:3      | HP: 1/24 [orc priest (2)]
  5166 | D:3      | Slain by an orc wizard

Illustrated notes

Levels and vault maps discovered:
D:1:      dpeg_arrival_prison, layout_rooms, ebering_ecumenical_altar_box
D:2:      layout_loops_cross, kennysheep_generic_room_16
D:3:      layout_loops_ring, serial_shops, nicolae_shop_stone,
          minmay_misc_feat_iff, grunt_ministairs_7
D:4:      layout_cave_pools, lightli_minifort, uniq_ijyb

Skill      XL: |  1  2  3  4 |
---------------+-------------+-----
Dodging        | 3 4 |  4.1
Spellcasting   | 3 |  3.9
Necromancy     | 4 |  4.3
Stealth        | 4 |  4.8

Action                   |  1- 3 |  4- 6 || total
-------------------------+-------+-------++-------
Melee: Dagger            |       |     6 ||     6
 Cast: Pain              |    95 |    62 ||   157
       Animate Skeleton  |     1 |       ||     1
 Stab: Sleeping          |       |     4 ||     4
Armor: Robe              |     4 |     5 ||     9
Dodge: Dodged            |    21 |    13 ||    34

Table legend: (Time is in decaauts)
 A = Elapsed time spent in this place.
 B = Non-inter-level travel time spent in this place.
 C = Inter-level travel time spent in this place.
 D = Time resting spent in this place.
 E = Time spent auto-exploring this place.
 F = Levels seen in this place.
 G = Mean time per level.
                   A        B        C        D        E       F      G
               +--------+--------+--------+--------+--------+-----+--------+
         Total |   4297 |   4197 |    100 |    182 |   3521 |   4 | 1074.2 |
       Dungeon |   4297 |   4197 |    100 |    182 |   3521 |   4 | 1074.2 |
               +--------+--------+--------+--------+--------+-----+--------+

Top non-repeatable levels by time:
     D:1: 1721 daAuts
     D:2: 1375 daAuts
     D:3: 1178 daAuts
     D:4: 23 daAuts
